 Dungeon Crawl Stone Soup version 0.23.2-1-ga50397a (webtiles) character file.

Game seed: 12056172698853315619

151 keltmir the Charmwright (level 5, -2/43 HPs)
             Began as a Gnoll Skald on May 12, 2019.
             Splashed by a jelly's acid (10 damage)
             ... on level 3 of the Dungeon on May 13, 2019.
             The game lasted 00:13:40 (3853 turns).

keltmir the Charmwright (Gnoll Skald)               Turns: 3853, Time: 00:13:41

Health: -2/43      AC:  0    Str: 14    XL:     5   Next: 33%
Magic:  11/12      EV: 14    Int: 16    God:
Gold:   95         SH:  0    Dex: 14    Spells: 10/14 levels left

rFire    . . .     SeeInvis .   e - -1 dagger (curse)
rCold    . . .     Gourm    .   (no shield)
rNeg     . . .     Faith    .   b - +0 leather armour
rPois    .         Spirit   .   (no helmet)
rElec    .         Reflect  .   (no cloak)
rCorr    .         Harm     .   (no gloves)
MR       .....                  (no boots)
Stlth    ++........             (no amulet)
HPRegen  0.14/turn              (no ring)
MPRegen  0.13/turn              (no ring)

@: corroded
A: distributed training, fangs 1, strong nose
a: no special abilities


You were on level 3 of the Dungeon.
You were not hungry.

You visited 1 branch of the dungeon, and saw 3 of its levels.

You collected 95 gold pieces.

Inventory:

Hand Weapons
 a - a +0 mace
 e - a cursed -1 dagger (weapon)
 m - a +0 whip
Missiles
 c - 62 poisoned needles
 g - 78 stones (quivered)
Armour
 b - a +0 leather armour (worn)
Magical Staves
 i - an uncursed staff of death {unknown}
Jewellery
 f - an uncursed ring of flight
Scrolls
 h - a scroll of amnesia
 k - 2 scrolls of identify
 l - a scroll of fear
Comestibles
 d - 3 rations


   Skills:
 + Level 4.7 Fighting
 + Level 1.4 Short Blades
 + Level 1.4 Long Blades
 + Level 1.4 Axes
 + Level 4.7 Maces & Flails
 + Level 1.4 Polearms
 + Level 1.4 Staves
 + Level 1.4 Slings
 + Level 1.4 Bows
 + Level 1.4 Crossbows
 + Level 1.4 Throwing
 + Level 2.9 Armour
 + Level 4.7 Dodging
 + Level 1.4 Stealth
 + Level 1.4 Shields
 + Level 1.4 Unarmed Combat
 + Level 5.2 Spellcasting
 + Level 1.1 Conjurations
 + Level 1.1 Hexes
 + Level 5.5 Charms
 + Level 1.1 Summonings
 + Level 1.1 Necromancy
 + Level 1.1 Translocations
 + Level 1.1 Transmutations
 + Level 1.1 Fire Magic
 + Level 1.1 Ice Magic
 + Level 1.1 Air Magic
 + Level 1.1 Earth Magic
 + Level 1.1 Poison Magic
 + Level 1.6 Invocations
 + Level 1.4 Evocations


You had 10 spell levels left.
You knew the following spells:

 Your Spells              Type           Power        Failure   Level  Hunger
a - Infusion              Chrm           ###.         1%          1    None
b - Spectral Weapon       Hex/Chrm       ##......     14%         3    ###....

Your spell library contained the following spells:

 Spells                   Type           Power        Failure   Level  Hunger
 Song of Slaying          Chrm           ###.....     2%          2    #......
 Shroud of Golubria       Chrm/Tloc      ##........   7%          2    #......
 Confusing Touch          Hex            #.....       12%         1    None
 Regeneration             Chrm/Necr      ##........   14%         3    ###....
 Confuse                  Hex            #.......     34%         3    ###....
 Gell's Gravitas          Tloc           #.........   34%         3    ###....
 Petrify                  Tmut/Erth      #.......     75%         4    ####...
 Metabolic Englaciation   Hex/Ice        #.........   97%         5    ######.
 Yara's Violent Unravell  Hex/Tmut       #.........   97%         5    ######.


Dungeon Overview and Level Annotations

Branches:
Dungeon (3/15)

Altars:
Kikubaaqudgha
Ru
Uskayaw

Annotations:
D:3 Natasha, Sigmund


Innate Abilities, Weirdness & Mutations

Your experience applies equally to all skills.
You have very sharp teeth.
Your uncanny sense of smell can sniff out nearby items.


Message History

The jelly is moderately wounded.
Your spectral weapon hits the jelly.
Your spectral weapon is burned by acid!
Your spectral weapon shares its damage with you!
The jelly barely misses you.
You hit the jelly.
Your hands burn!
The jelly is heavily wounded.
Your spectral weapon hits the jelly.
Your spectral weapon is burned by acid!
Your spectral weapon shares its damage with you!
Your spectral weapon fades away.
The jelly closely misses you. The jelly misses you.
You hit the jelly.
Your hands burn!
* * * LOW HITPOINT WARNING * * *
The jelly is severely wounded.
The jelly hits you.
* * * LOW HITPOINT WARNING * * *
You are splashed with acid!
You die...

###.# #.# ###.# .##.#
.##.# .##.###########
..#...........#
...##########.########
................@J..>#
.############.######.#
.# #.# #.# .# #.# #.#
.## #.# #.# ..# #.#
#.# #.# ..# #.# #.#
... #.# #.# #.#


You could see a jelly.

Vanquished Creatures
  Natasha (D:3)
  Terence (D:2)
  5 adders (D:3)
  3 dart slugs
  3 leopard geckos
  4 giant cockroaches (D:1)
  3 goblins (D:1)
  5 hobgoblins
  4 jackals (D:1)
  5 bats (D:1)
  3 frilled lizards
  6 kobolds
  7 rats
50 creatures vanquished.

Vanquished Creatures (others)
  A spectral weapon (D:3)
1 creature vanquished.

Grand Total: 51 creatures vanquished

Notes
Turn   | Place    | Note
-------+----------+-------------------------------------------
     0 | D:1      | keltmir the Gnoll Skald began the quest for the Orb.
     0 | D:1      | Reached XP level 1. HP: 20/20 MP: 6/6
   350 | D:1      | Reached XP level 2. HP: 26/26 MP: 4/7
   793 | D:1      | Reached XP level 3. HP: 26/31 MP: 9/9
   898 | D:1      | Reached skill level 5 in Spellcasting
  1129 | D:2      | Found a sacrificial altar of Ru.
  1145 | D:2      | Noticed Terence
  1198 | D:1      | Learned a level 3 spell: Spectral Weapon
  1365 | D:2      | Reached skill level 1 in Invocations
  1720 | D:2      | Killed Terence
  1720 | D:2      | Reached skill level 1 in Short Blades
  1720 | D:2      | Reached skill level 1 in Long Blades
  1720 | D:2      | Reached skill level 1 in Axes
  1720 | D:2      | Reached skill level 1 in Polearms
  1720 | D:2      | Reached skill level 1 in Staves
  1720 | D:2      | Reached skill level 1 in Slings
  1720 | D:2      | Reached skill level 1 in Bows
  1720 | D:2      | Reached skill level 1 in Crossbows
  1720 | D:2      | Reached skill level 1 in Throwing
  1720 | D:2      | Reached skill level 1 in Stealth
  1720 | D:2      | Reached skill level 1 in Shields
  1720 | D:2      | Reached skill level 1 in Unarmed Combat
  1720 | D:2      | Reached skill level 1 in Evocations
  1720 | D:2      | Reached XP level 4. HP: 29/38 MP: 8/11
  2339 | D:3      | Reached skill level 1 in Conjurations
  2339 | D:3      | Reached skill level 1 in Hexes
  2339 | D:3      | Reached skill level 1 in Summonings
  2339 | D:3      | Reached skill level 1 in Necromancy
  2339 | D:3      | Reached skill level 1 in Translocations
  2339 | D:3      | Reached skill level 1 in Transmutations
  2339 | D:3      | Reached skill level 1 in Fire Magic
  2339 | D:3      | Reached skill level 1 in Ice Magic
  2339 | D:3      | Reached skill level 1 in Air Magic
  2339 | D:3      | Reached skill level 1 in Earth Magic
  2339 | D:3      | Reached skill level 1 in Poison Magic
  2773 | D:3      | Noticed Sigmund
  2832 | D:3      | Found an ancient bone altar of Kikubaaqudgha.
  2872 | D:3      | Reached XP level 5. HP: 20/43 MP: 6/12
  3180 | D:3      | Found a hide-covered altar of Uskayaw.
  3224 | D:3      | Noticed Natasha
  3238 | D:3      | Killed Natasha
  3289 | D:3      | Noticed Natasha
  3853 | D:3      | Splashed by a jelly's acid

Skill      XL: |  1  2  3  4 |
---------------+-------------+-----
Spellcasting   | 5 |  5.2
Invocations    | 1 |  1.6
Short Blades   | 1 |  1.4
Long Blades    | 1 |  1.4
Axes           | 1 |  1.4
Polearms       | 1 |  1.4
Staves         | 1 |  1.4
Slings         | 1 |  1.4
Bows           | 1 |  1.4
Crossbows      | 1 |  1.4
Throwing       | 1 |  1.4
Stealth        | 1 |  1.4
Shields        | 1 |  1.4
Unarmed Combat | 1 |  1.4
Evocations     | 1 |  1.4
Conjurations   | 1 |  1.1
Hexes          | 1 |  1.1
Summonings     | 1 |  1.1
Necromancy     | 1 |  1.1
Translocations | 1 |  1.1
Transmutations | 1 |  1.1
Fire Magic     | 1 |  1.1
Ice Magic      | 1 |  1.1
Air Magic      | 1 |  1.1
Earth Magic    | 1 |  1.1
Poison Magic   | 1 |  1.1
Fighting       | |  4.7
Maces & Flails | |  4.7
Armour         | |  2.9
Dodging        | |  4.7
Charms         | |  5.5

Action                   |  1- 3 |  4- 6 || total
-------------------------+-------+-------++-------
Melee: Mace              |    79 |       ||    79
       Bite              |    11 |    10 ||    21
       Dagger            |    50 |   106 ||   156
       Punch             |     1 |       ||     1
Throw: Stone             |    13 |     5 ||    18
 Cast: Infusion          |     4 |       ||     4
       Spectral Weapon   |     2 |     8 ||    10
  Use: Scroll            |     5 |     1 ||     6
       Potion            |       |     1 ||     1
 Stab: Sleeping          |     2 |     1 ||     3
  Eat: Chunk             |     3 |     5 ||     8
       Ration            |       |     1 ||     1
Armor: Leather armour    |    33 |    23 ||    56
Dodge: Dodged            |   127 |    69 ||   196
